 Dungeon Crawl Stone Soup version 0.25.1-2-g60ff931df9 (webtiles) character file.

Game seed: 8905490606297201769

6572 Ijustatesigmund the Demolition Dwarf (level 10, -3/98 HPs)
             Began as a Deep Dwarf Fighter on Sept 2, 2020.
             Was an Elder of Makhleb.
             Slain by Urug
             ... wielding a +2 scimitar of protection
              (18 damage)
             ... on level 10 of the Dungeon.
             The game lasted 00:34:03 (8463 turns).

Ijustatesigmund the Demolition Dwarf (DDFi)         Turns: 8463, Time: 00:34:04

Health: -3/98      AC: 12    Str: 20    XL:     10   Next: 70%
Magic:  5/5 (16)   EV: 15    Int:  9    God:    Makhleb [****..]
Gold:   497        SH:  0    Dex: 15    Spells: 6/9 levels left

rFire    . . .     SeeInvis .   y - +8 Wrath of Trog {antimagic, *Rage}
rCold    + . .     Gourm    .   (shield currently unavailable)
rNeg     . . .     Faith    .   b - +4 ring mail
rPois    +         Spirit   .   (no helmet)
rElec    .         Reflect  .   (no cloak)
rCorr    .         Harm     .   k - +1 pair of gloves
MR       +....     Rnd*Rage +   (no boots)
Stlth    +.........             (no amulet)
HPRegen  0.00/turn              K - ring of poison resistance
MPRegen  0.09/turn              J - ring of protection from cold

@: berserk cooldown, non-regenerating, slowed, studying Dodging, very slow
A: damage resistance, heal wounds, sense surroundings 2, no regeneration
a: Heal Wounds, Minor Destruction, Lesser Servant of Makhleb, Major Destruction,
Renounce Religion


You were on level 10 of the Dungeon.
You worshipped Makhleb.
Makhleb was greatly pleased with you.
You were hungry.

You visited 1 branch of the dungeon, and saw 10 of its levels.

You collected 497 gold pieces.

Inventory:

Hand Weapons
 a - a +2 war axe
 l - a +1 hand axe of venom
 q - a +2 morningstar of holy wrath
 y - the +8 Wrath of Trog (weapon) {antimagic, *Rage}
   (You found it on level 6 of the Dungeon)

   It reduces the magical energy of the wielder, and disrupts the spells and
   magical abilities of those hit.
   Natural abilities and divine invocations are not affected.
   It may make you go berserk in combat.
Missiles
 j - 21 poisoned darts (quivered)
 v - 4 silver boomerangs
Armour
 b - a +4 ring mail (worn)
 c - a +2 kite shield
 k - a +1 pair of gloves (worn)
Jewellery
 s - a +6 ring of intelligence
 w - an uncursed ring of ice
 I - an uncursed amulet of reflection
 J - a ring of protection from cold (right hand)
 K - a ring of poison resistance (left hand)
Wands
 g - a wand of polymorph (12)
 n - a wand of acid (4)
 o - a wand of flame (39)
 u - a wand of paralysis (3)
 B - a wand of iceblast (3)
 G - a wand of random effects (15)
Scrolls
 d - a scroll of amnesia
 i - 7 scrolls of remove curse
 p - 4 scrolls of teleportation
 A - 3 scrolls of fog
 C - a scroll of identify
 H - 4 scrolls of enchant weapon
Potions
 e - a potion of lignification
 h - 3 potions of brilliance
 m - 2 potions of haste
 r - a potion of magic
 t - 4 potions of heal wounds
 x - 2 potions of flight
 E - a potion of berserk rage
 F - a potion of resistance
Books
 z - a manual of Dodging
Comestibles
 f - 20 rations


   Skills:
 + Level 8.4 Fighting
 + Level 9.6 Axes
 + Level 6.1 Armour
 + Level 6.8 Dodging
 - Level 3.2 Shields
 + Level 9.8 Invocations
 - Level 4.1 Evocations


You had 6 spell levels left.
You knew the following spells:

 Your Spells              Type           Power        Failure   Level  Hunger
a - Magic Dart            Conj           #...         54%         1    ##.....
b - Blink                 Tloc           N/A          67%         2    ###....

Your spell library contained the following spells:

 Spells                   Type           Power        Failure   Level  Hunger
 Call Imp                 Summ           #.......     67%         2    ###....
 Slow                     Hex            #.......     67%         2    ###....
 Conjure Flame            Conj/Fire      #.......     88%         3    ####...
 Mephitic Cloud           Conj/Pois/Air  #.......     88%         3    ####...


Dungeon Overview and Level Annotations

Branches:
Dungeon (10/15)            Temple (0/1) D:5
   Lair: D:8-11         Orc: D:9-12

Altars:
Ashenzari
Gozag
Makhleb
Nemelex Xobeh
Ru
Sif Muna
Uskayaw
Yredelemnul
The Shining One

Annotations:
D:8 Blork the orc
D:10 Urug


Innate Abilities, Weirdness & Mutations

You are resistant to damage.
You can heal yourself by infusing magical energy.
You passively map the area around you.
You do not regenerate.


Message History

A scorpion comes into view.
Urug barely misses you.
You closely miss Urug.
Urug is lightly wounded.
Urug hits you with a +2 scimitar of protection! x2
You are too injured to fight recklessly!
You are too injured to fight recklessly!
You are too injured to fight recklessly!
You are too injured to fight recklessly!
You are too injured to fight recklessly!
You are too injured to fight recklessly!
You slash Urug!
Urug is moderately wounded.
Urug hits you with a +2 scimitar of protection!!
* * * LOW HITPOINT WARNING * * *
You hit Urug.
Urug is heavily wounded.
You closely miss the kobold.
Urug hits you with a +2 scimitar of protection!!
You die...

* , ,, * * ,* #.#
, * , , #.. ,* ,,
** #.#** , ,* , ,
, #.# , , #.# , ,
* * #.# , ,. **
########(#####....
,
#....(†(.(@K.(....
#.########.oK#....
, #<# *,
........., #.# *
.#...#s... * , #.#
#.##.## ... * ,
#.# *# .# .. , #.#
.#* #* #.# * * ,
.# , , #.. , , ,
,,,,, , * *


You could see Urug, a big kobold, a scorpion and a kobold.

Vanquished Creatures
  Harold (D:8)
  The ghost of Impeuri the Slasher, a novice DsGl of Uskayaw (D:5)
  A troll (D:9)
  A hornet (D:8)
  A hippogriff (D:8)
  Sigmund (D:2)
  5 yaks (D:10)
  Duvessa (D:7)
  An orc warrior (D:9)
  3 sky beasts
  2 ice beasts
  2 phantoms
  An eye of draining (D:9)
  3 ogres
  4 centaurs
  A big kobold (D:7)
  4 bullfrogs
  3 gnoll sergeants
  Dowan (D:7)
  2 scorpions (D:8)
  6 killer bees (D:8)
  A howler monkey (D:9)
  A bullfrog zombie (D:9)
  4 crimson imps
  A hound (D:4)
  2 jellies
  3 orc priests
  A centaur skeleton (D:6)
  3 bullfrog skeletons
  A gnoll shaman (D:5)
  3 iguanas
  Ijyb (D:5)
  12 orc wizards
  12 worker ants
  A hound skeleton (D:5)
  Robin (D:2)
  8 gnolls
  12 adders
  An ooze (D:1)
  7 worms
  6 dart slugs
  4 leopard geckos
  24 orcs
  A ball python (D:5)
  11 bats
  2 giant cockroaches (D:1)
  11 goblins
  14 hobgoblins
  8 jackals
  3 quokkas
  A ball python zombie (D:6)
  6 frilled lizards
  A jackal zombie (D:6)
  8 kobolds
  A leopard gecko skeleton (D:8)
  2 leopard gecko zombies
  A quokka skeleton (D:4)
  10 rats
234 creatures vanquished.

Vanquished Creatures (others)
  A hound (D:8)
  6 plants (D:5)
7 creatures vanquished.

Grand Total: 241 creatures vanquished

Notes
Turn   | Place    | Note
-------+----------+-------------------------------------------
     0 | D:1      | Ijustatesigmund the Deep Dwarf Fighter began the quest for
                  | the Orb.
     0 | D:1      | Reached XP level 1. HP: 20/20 MP: 1/1
   108 | D:1      | Reached XP level 2. HP: 26/28 MP: 2/2
   612 | D:1      | Reached XP level 3. HP: 22/34 MP: 3/3
  1218 | D:2      | Noticed Robin
  1231 | D:2      | Killed Robin
  1365 | D:2      | Reached XP level 4. HP: 16/44 MP: 4/4
  1379 | D:2      | Noticed Sigmund
  1393 | D:2      | Killed Sigmund
  1393 | D:2      | Reached XP level 5. HP: 22/51 MP: 5/5
  1573 | D:2      | Reached skill level 5 in Axes
  2107 | D:3      | Reached XP level 6. HP: 21/58 MP: 6/6
  2155 | D:3      | Found a burning altar of Makhleb.
  2158 | D:3      | Became a worshipper of Makhleb the Destroyer
  2170 | D:3      | Found a sacrificial altar of Ru.
  2651 | D:4      | Reached skill level 1 in Invocations
  2703 | D:4      | Reached skill level 1 in Dodging
  2703 | D:4      | Reached skill level 1 in Evocations
  2933 | D:4      | Reached * piety under Makhleb
  2971 | D:4      | Reached XP level 7. HP: 48/66 MP: 7/9
  3027 | D:4      | Learned a level 1 spell: Magic Dart
  3030 | D:4      | Learned a level 2 spell: Blink
  3449 | D:5      | Entered Level 5 of the Dungeon
  3496 | D:5      | Noticed Ijyb
  3507 | D:5      | Killed Ijyb
  3507 | D:5      | Reached skill level 5 in Fighting
  3521 | D:5      | Found a transporter.
  3527 | D:5      | Identified the +6 spear of the Leaping Spider {pain,
                  | *Contam +Inv rElec}
  3613 | D:5      | Found a sparkling altar of Nemelex Xobeh.
  3715 | D:5      | Found a staircase to the Ecumenical Temple.
  3891 | D:5      | Found a transporter.
  3910 | D:5      | Noticed Impeuri's ghost (novice DsGl)
  4381 | D:6      | Found the +8 Wrath of Trog {antimagic, *Rage}
  4507 | D:6      | Reached XP level 8. HP: 40/75 MP: 11/11
  4632 | D:6      | Found an opulent altar of Gozag.
  4827 | D:6      | Reached skill level 5 in Invocations
  5637 | D:7      | Noticed Duvessa
  5642 | D:7      | Noticed Dowan
  5646 | D:7      | Killed Duvessa
  5782 | D:7      | Killed Dowan
  5807 | D:7      | Reached ** piety under Makhleb
  6114 | D:7      | Gained mutation: You passively map the area around you.
                  | [Deep Dwarf growth]
  6114 | D:7      | Reached XP level 9. HP: 85/85 MP: 4/13
  6550 | D:8      | Reached *** piety under Makhleb
  6560 | D:8      | Found a shattered altar of Ashenzari.
  6561 | D:8      | Found a basalt altar of Yredelemnul.
  6561 | D:8      | Found a glowing golden altar of the Shining One.
  6562 | D:8      | Found a hide-covered altar of Uskayaw.
  6598 | D:8      | Noticed Harold
  6606 | D:8      | Killed Harold
  6772 | D:8      | Reached XP level 10. HP: 96/96 MP: 5/16
  6853 | D:8      | Noticed Blork the orc
  6859 | D:8      | Found a shimmering blue altar of Sif Muna.
  7132 | D:5      | Killed Impeuri's ghost
  7132 | D:5      | Reached skill level 5 in Armour
  7477 | D:9      | Reached skill level 5 in Dodging
  8417 | D:10     | Entered Level 10 of the Dungeon
  8448 | D:10     | Reached **** piety under Makhleb
  8449 | D:10     | Noticed Urug
  8463 | D:10     | Slain by Urug

Illustrated notes

Levels and vault maps discovered:
D:1:      dpeg_arrival_signposts, layout_basic
D:2:      layout_loops_ring, uniq_sigmund, uniq_robin
D:3:      layout_rooms, bloody_makhleb, nicolae_overflow_crystal_walls
D:4:      layout_basic, minmay_misc_feat_five
D:5:      layout_basic, kennysheep_mini, minmay_temple_entry_statues_fountains,
          first_ration, gammafunk_ghost_gnarly_gnolls, uniq_ijyb
D:6:      layout_gridville, kennysheep_mini_moat, roderic_roman_lattice,
          minmay_tree_intersection
D:7:      layout_cave_pods, uniq_duvessa
D:8:      layout_rooms, tgw_sif, chequers_temple_overflow_statue_of_worship,
          lemuel_old_faithful, uniq_harold
D:9:      layout_irregular_city
D:10:     layout_loops_ring, serial_glass, glass_columns_a, glass_columns_b,
          small_statue_intersection, uniq_urug, uniq_joseph, uniq_fannar

Skill      XL: |  1  2  3  4  5  6  7  8  9 10 |
---------------+-------------------------------+-----
Fighting       | 3 4 5 6 7 8 |  8.4
Axes           | 3 4 5 6 7 8 9 |  9.6
Invocations    | 3 4 6 8 9 |  9.8
Dodging        | 2 3 4 6 |  6.8
Evocations     | 3 4 |  4.1
Armour         | 4 6 |  6.1
Shields        | |  3.2

Action                   |  1- 3 |  4- 6 |  7- 9 | 10-12 || total
-------------------------+-------+-------+-------+-------++-------
Melee: Hand axe          |    63 |   118 |       |       ||   181
       War axe           |    58 |       |    89 |       ||   147
       Morningstar       |       |    16 |     7 |       ||    23
       Battleaxe         |       |       |   163 |   110 ||   273
Throw: Dart              |       |    65 |    20 |    10 ||    95
 Abil: Heal Wounds       |       |     1 |       |     1 ||     2
Evoke: Wand              |       |     3 |    10 |     1 ||    14
  Use: Scroll            |     7 |     7 |     9 |       ||    23
       Potion            |     1 |     2 |     3 |     2 ||     8
 Stab: Paralysed         |       |     2 |    11 |       ||    13
  Eat: Chunk             |     2 |     5 |    13 |     5 ||    25
Armor: Scale mail        |    34 |     1 |       |       ||    35
       Chain mail        |       |    46 |   146 |     7 ||   199
       Skin              |       |       |    43 |       ||    43
       Ring mail         |       |       |       |    29 ||    29
Dodge: Dodged            |    49 |    27 |    94 |    86 ||   256
Block: Kite shield       |    45 |    32 |    38 |       ||   115
